 Dungeon Crawl Stone Soup version 0.25-a0-834-g55863b0 (webtiles) character file.

Game seed: 11479431700539146121, levelgen mode: deterministic

317 BlueFish the Magician (level 6, 0/44 HPs)
             Began as a Mummy Wizard on Apr 22, 2020.
             Slain by a worker ant (4 damage)
             ... on level 4 of the Dungeon.
             The game lasted 00:08:05 (4866 turns).

BlueFish the Magician (Mummy Wizard)                Turns: 4866, Time: 00:08:06

Health: 0/44       AC:  2    Str: 10    XL:     6   Next: 20%
Magic:  3/14       EV: 12    Int: 19    God:
Gold:   140        SH:  0    Dex: 11    Spells: 6/16 levels left

rFire    x . .     SeeInvis .   d - +1 dagger (speed)
rCold    + . .     Gourm    .   (no shield)
rNeg     + + +     Faith    .   a - +0 robe
rPois    ∞         Spirit   .   b - +0 hat
rElec    .         Reflect  .   (no cloak)
rCorr    .         Harm     .   (no gloves)
MR       .....                  (no boots)
Stlth    ++........             (no amulet)
HPRegen  0.14/turn              (no ring)
MPRegen  0.14/turn              (no ring)

@: very slightly contaminated
A: no food or potions, fire vulnerability, cold resistance 1, negative energy
resistance 3, torment resistance, unbreathing
a: no special abilities


You were on level 4 of the Dungeon.
You were not hungry.

You visited 1 branch of the dungeon, and saw 4 of its levels.

You collected 140 gold pieces.

Inventory:

Hand Weapons
 d - a +1 dagger of speed (weapon)
Armour
 a - a +0 robe (worn)
 b - a +0 hat (worn)
Scrolls
 c - 2 scrolls of immolation
 e - 3 scrolls of remove curse
 f - 3 scrolls of teleportation
 g - 3 scrolls of identify
 h - a scroll of amnesia {unknown}


   Skills:
 * Level 1.8 Fighting
 + Level 1.2 Short Blades
 * Level 2.5 Dodging
 * Level 2.9 Stealth
 * Level 5.9 Spellcasting
 + Level 1.6 Conjurations
 + Level 0.7 Summonings
 + Level 0.7 Translocations
 + Level 0.1 Poison Magic


You had 6 spell levels left.
You knew the following spells:

 Your Spells              Type           Power        Failure   Level  Hunger
a - Magic Dart            Conj           ##..         6%          1    N/A
b - Blink                 Tloc           N/A          12%         2    N/A
c - Call Imp              Summ           #.......     12%         2    N/A
d - Slow                  Hex            #.......     17%         2    N/A
e - Mephitic Cloud        Conj/Pois/Air  #.......     26%         3    N/A

Your spell library contained the following spells:

 Spells                   Type           Power        Failure   Level  Hunger
 Foxfire                  Conj/Fire      #...         9%          1    N/A
 Conjure Flame            Conj/Fire      #.......     24%         3    N/A
 Inner Flame              Hex/Fire       #.......     34%         3    N/A
 Sticky Flame             Conj/Fire      #.......     63%         4    N/A
 Fireball                 Conj/Fire      #.........   92%         5    N/A

Dungeon Overview and Level Annotations

Branches:
Dungeon (4/15)
 Temple: D:4-7

Altars:


Innate Abilities, Weirdness & Mutations

You do not eat or drink.
Your flesh is vulnerable to fire.
You are immune to poison.
Your flesh is cold resistant. (rC+)
You are immune to negative energy. (rN+++)
You are immune to unholy pain and torment.
You can survive without breathing.


Message History

The worker ant is severely wounded.
The quokka barely misses you. The worker ant closely misses you.
You hit the worker ant.
The worker ant is almost dead.
You barely miss the worker ant.
The worker ant is almost dead.
The quokka bites you.
* * * LOW HITPOINT WARNING * * *
The worker ant closely misses you.
You hit the worker ant but do no damage.
The worker ant is almost dead.
The quokka barely misses you. The worker ant closely misses you.
You hit the worker ant but do no damage.
The worker ant is almost dead.
You hit the worker ant.
The worker ant is almost dead.
The quokka bites you.
* * * LOW HITPOINT WARNING * * *
The worker ant bites you.
You die...

######## #############
########......# ##.....##.....
....#.........#####.............
................................
..........................<.....
..............#.................
........#####################...
........####...ar...# #...# #...
###.....##.....@#...##....o #>..
#.....##.....##...#...... #...
#.....#......##...'...... ..
#..........####†..#......
##.##.####### #...# ....a
#..##.###%.!###...# ..o#
#..##.##...(.##...# ###
#..##.#!...a).#...#
#.<...#......r'..)#


You could see a worker ant (confused) and a quokka.

Vanquished Creatures
  A centaur (D:2)
  2 worker ants (D:4)
  A hound skeleton (D:4)
  A gnoll (D:4)
  4 adders
  2 oozes
  A worm (D:3)
  3 dart slugs
  5 leopard geckos
  3 orcs
  4 giant cockroaches
  5 goblins
  8 hobgoblins
  7 jackals
  3 kobolds
  5 quokkas
  2 ball pythons
  10 bats
  5 frilled lizards
  9 rats
81 creatures vanquished.

Vanquished Creatures (collateral kills)
  A centaur skeleton (D:4)
  2 worms
3 creatures vanquished.

Grand Total: 84 creatures vanquished

Notes
Turn   | Place    | Note
-------+----------+-------------------------------------------
     0 | D:1      | BlueFish the Mummy Wizard began the quest for the Orb.
     0 | D:1      | Reached XP level 1. HP: 13/13 MP: 5/5
   394 | D:1      | Reached XP level 2. HP: 13/20 MP: 7/7
   894 | D:1      | Learned a level 2 spell: Blink
   897 | D:1      | Learned a level 2 spell: Call Imp
   900 | D:1      | Learned a level 2 spell: Slow
  1239 | D:2      | Reached XP level 3. HP: 25/25 MP: 7/9
  1244 | D:2      | Learned a level 3 spell: Mephitic Cloud
  2030 | D:2      | Reached skill level 5 in Spellcasting
  2223 | D:2      | Noticed a centaur
  2262 | D:2      | Killed a centaur
  2262 | D:2      | Reached skill level 1 in Fighting
  2262 | D:2      | Reached skill level 1 in Conjurations
  2262 | D:2      | Reached XP level 4. HP: 14/32 MP: 2/11
  2262 | D:2      | Reached XP level 5. HP: 16/37 MP: 2/12
  4492 | D:4      | Reached XP level 6. HP: 8/44 MP: 0/14
  4804 | D:4      | Reached skill level 1 in Short Blades
  4866 | D:4      | Slain by a worker ant

Levels and vault maps discovered:
D:1:      heliophobic_arrival_glass_houses, layout_basic, minivault_24
D:2:      layout_basic, grunt_ministairs_15
D:3:      layout_loops_ring, nrook_loot_triangle
D:4:      minmay_opposing_rooms, layout_rooms, nicolae_qazlal_eye_of_the_storm,
          minmay_temple_entry_proselytizer

Skill      XL: |  1  2  3  4  5  6 |
---------------+-------------------+-----
Dodging        | 2 |  2.5
Stealth        | 2 |  2.9
Spellcasting   | 5 |  5.9
Fighting       | 1 |  1.8
Conjurations   | 1 |  1.6
Short Blades   | 1 |  1.2
Summonings     | |  0.7
Translocations | |  0.7
Poison Magic   | |  0.1

Action                   |  1- 3 |  4- 6 || total
-------------------------+-------+-------++-------
Melee: Dagger            |    97 |    99 ||   196
 Cast: Magic Dart        |    93 |   109 ||   202
       Call Imp          |     2 |     5 ||     7
       Mephitic Cloud    |     1 |     8 ||     9
       Blink             |     1 |       ||     1
  Use: Scroll            |     3 |     1 ||     4
 Stab: Confused          |       |     3 ||     3
       Sleeping          |       |     2 ||     2
Armor: Robe              |    11 |     8 ||    19
Dodge: Dodged            |    53 |    65 ||   118

Table legend:
 A = Non-vault XP
 B = Vault XP
 C = Vault XP percentage of total XP
 D = Non-vault monster count
 E = Vault monster count
 F = Vault count percentage of total count
                 A         B        C        D         E       F
            +---------+---------+-------+---------+---------+-------
      Total |     428 |      26 |   5.7 |      77 |       7 |   8.3
            +---------+---------+-------+---------+---------+-------
        D:1 |      38 |       0 |   0.0 |      19 |       0 |   0.0
        D:2 |     185 |       2 |   1.1 |      25 |       1 |   3.8
        D:3 |      81 |       0 |   0.0 |      26 |       0 |   0.0
        D:4 |     124 |      24 |  16.2 |       7 |       6 |  46.2
            +---------+---------+-------+---------+---------+-------
